 Dungeon Crawl Stone Soup version 0.16-a0-4056-gee4db93 (webtiles) character file.

706552 Medar the Sorcerer (level 27, -10/173 HPs)
             Began as a Gargoyle Wizard on Feb 15, 2015.
             Was a High Priest of Ashenzari.
             Blown up by an ancient lich (77 damage)
             ... with an orb of destruction
             ... on level 5 of the Realm of Zot on Feb 20, 2015.
             The game lasted 07:43:10 (136024 turns).

Medar the Sorcerer (Gargoyle Wizard)              Turns: 136024, Time: 07:43:10

Health: -10/173    AC: 56    Str: 21    XL:     27
Magic:  44/58      EV: 17    Int: 33    God:    Ashenzari [*****.]
Gold:   6248       SH:  0    Dex:  8    Spells: 10 memorised, 23 levels left

rFire  + + .     SeeInvis +     M - +7 lajatang of Order {silver, rMut} (curse)
rCold  + . .     Clarity  +     S - +5 mottled dragon armour (curse)
rNeg   + . .     SustAb   .     (no shield)
rPois  ∞         Gourm    .     z - +3 hat of Pondering {ponderous, MR+ MP+10 Int+5} (curse)
rElec  +         Spirit   .     e - +2 cloak (curse)
rCorr  .         Warding  .     f - +2 pair of gloves {archery} (curse)
rMut   +         Stasis   .     T - +0 pair of boots {run} (curse)
MR     ++++.                    y - amulet of regeneration (curse)
Stlth  +++.......               C - ring of protection from magic (curse)
                                l - ring "Roclag" {Ice Contam MP+9 Str+8 Stlth+} (curse)

@: flying, deflect missiles, incredibly resistant to hostile enchantments,
fairly stealthy
A: able to fly continuously, antennae 1, big wings, claws 1, icy blue scales 1,
rough black scales 2, clarity, fire resistance 3, negative energy resistance 1,
electricity resistance, unbreathing, petrification resistance, rot immunity, AC
+20
a: Stop Flying, Scrying, Transfer Knowledge, Renounce Religion
}: 3/15 runes: decaying, serpentine, silver


You were on level 5 of the Realm of Zot.
You worshipped Ashenzari.
Ashenzari was extremely pleased with you.
You were not hungry.

You visited 10 branches of the dungeon, and saw 57 of its levels.
You also visited: Labyrinth, Ice Cave and Volcano.

You collected 8945 gold pieces.
You spent 2697 gold pieces at shops.

Inventory:

Hand weapons
 M - the cursed +7 lajatang of Order (weapon) {silver, rMut}
   (You found it on level 1 of the Depths)

   It protects you from mutation.
   It has a curse placed upon it.
Armour
 e - a cursed +2 cloak (worn)
 f - a cursed +2 pair of gloves of archery (worn)
 z - the cursed +3 hat of Pondering (worn) {ponderous, MR+ MP+10 Int+5}
   (You found it on level 5 of the Vaults)

   It affects your intelligence (+5).
   It affects your resistance to hostile enchantments.
   It affects your magic capacity (+10).
   It has a curse placed upon it.
 S - a cursed +5 mottled dragon armour (worn)
 T - a cursed +0 pair of boots of running (worn)
Jewellery
 l - the cursed ring "Roclag" (left hand) {Ice Contam MP+9 Str+8 Stlth+}
   (You took it off an ironbrand convoker on level 5 of the Vaults)

   [ring of ice]

   It enhances your ice magic, and weakens your fire magic.
   It affects your strength (+8).
   It makes you vulnerable to fire.
   It protects you from cold.
   It affects your magic capacity (+9).
   It causes magical contamination when unequipped.
   It makes you more stealthy.
   It has a curse placed upon it.
 y - a cursed amulet of regeneration (around neck)
 C - a cursed ring of protection from magic (right hand)
Magical devices
 c - a wand of heal wounds (1)
 m - a wand of disintegration (13)
 w - a wand of heal wounds (3)
 I - a wand of hasting (3)
 V - a wand of disintegration (13)
 Y - a wand of digging (7)
Scrolls
 i - 14 scrolls of identify {@r2}
 k - 3 scrolls of silence {!r}
 o - 4 scrolls of magic mapping
 s - 10 scrolls of teleportation
 t - a scroll of brand weapon
 u - 6 scrolls of blinking
 x - 5 scrolls of fear
 A - 10 scrolls of fog
 E - 15 scrolls of remove curse {@r1}
 H - a scroll of amnesia
 L - 3 scrolls of recharging
 O - a scroll of holy word
 P - 2 scrolls of curse weapon
Potions
 a - a potion of restore abilities
 g - 3 potions of berserk rage {!q}
 h - 2 potions of resistance
 j - 23 potions of curing {@q1}
 p - 7 potions of haste
 q - 3 potions of agility
 r - 7 potions of brilliance
 D - 2 potions of invisibility
 K - 9 potions of might
 Q - 2 potions of magic
 R - 2 potions of cancellation
 Z - 2 potions of heal wounds
Miscellaneous
 b - a lamp of fire
 n - a legendary deck of summoning {the Crusade, drawn: 10}
 F - a fan of gales
 N - 3 phantom mirrors
Comestibles
 d - 36 bread rations
 B - 15 beef jerkies
 X - 43 fruits


   Skills:
 - Level 17.9 Fighting
   Level 4.3(7.7) Short Blades
   Level 9.9(10.3) Long Blades
 - Level 13.9(18.6) Staves
 - Level 17.3 Armour
 - Level 14.4(17.9) Dodging
 - Level 2.1(5.1) Stealth
   Level 4.0 Shields
 + Level 23.8 Spellcasting
 - Level 16.8(20.2) Conjurations
 - Level 5.1(9.1) Charms
   Level 1.0(3.2) Summonings
 - Level 1.0(3.2) Translocations
   Level 2.1(5.1) Transmutations
 - Level 12.9(16.5) Fire Magic
 - Level 22.3(25.2) Air Magic
   Level 1.0(3.2) Earth Magic
 - Level 8.0(12.0) Poison Magic
 - Level 1.3(3.8) Evocations


You had 23 spell levels left.
You knew the following spells:

 Your Spells              Type           Power        Failure   Level  Hunger
b - Venom Bolt            Conj/Pois      #######...   1%          5    None
c - Conjure Ball Lightni  Conj/Air       ########..   1%          6    None
i - Control Teleport      Chrm/Tloc      ######....   1%          4    None
m - Tornado               Air            ########..   4%          9    #####..
n - Poisonous Cloud       Conj/Pois/Air  ########..   1%          6    None
r - Deflect Missiles      Chrm/Air       ########..   1%          6    None
v - Bolt of Fire          Conj/Fire      ######....   1%          6    None
w - Blink                 Tloc           N/A          1%          2    None
x - Fireball              Conj/Fire      ######....   0%          5    None
X - Magic Dart            Conj           ####         0%          1    None


Dungeon Overview and Level Annotations

Branches:
Dungeon (15/15)            Temple (0/1) D:6            Lair (8/8) D:11
  Swamp (5/5) Lair:4        Snake (5/5) Lair:5        Slime (0/6) Lair:6
    Orc (4/4) D:12            Elf (3/3) Orc:4        Vaults (5/5) D:13
  Crypt (2/3) Vaults:2     Depths (5/5) D:15            Zot (5/5) Depths:5

Altars:
Ashenzari
Dithmenos
Fedhas
Gozag
Kikubaaqudgha
Nemelex Xobeh
Ru
Sif Muna
Xom
Yredelemnul
Zin
Beogh
Jiyva

Shops:
D:12 %   D:15 *   Orc:4 }%[:   Elf:2 =   Elf:3 (   Depths:4 (

Portals:
Hell: Depths:1 Depths:2 Depths:3 Depths:4 Depths:5
Abyss: Depths:3 Depths:4 Depths:5
Pandemonium: Depths:3
Ziggurat: Depths:5

Annotations:
Swamp:5 Lernaean hydra
Snake:2 Wiglaf
Elf:2 3 runed doors


Innate Abilities, Weirdness & Mutations

You are resistant to torment.
You are immune to poison.
You can fly continuously.
Your stone body is very resilient (AC +20).
Your wings are large and strong.
You resist negative energy.
You are resistant to electric shocks.
You can survive without breathing.
You are immune to petrification.
You are immune to rotting.
You have a pair of small antennae on your head.
You have sharp fingernails.
You are partially covered in icy blue scales (AC +1).
You are mostly covered in rough black scales (AC +7, Dex -2).
You possess an exceptional clarity of mind.
Your flesh is almost immune to the effects of heat.


Message History

The pale draconian scorcher misses you.
That beef jerky was delicious!
You barely miss the pale draconian scorcher.
The pale draconian scorcher is severely wounded.
You kill the pale draconian scorcher!
The Orb Guardian hits you but does no damage.
The ancient lich conjures a glowing orb.
Casting: Tornado
Confirm with . or Enter, or press ? or * to list all spells.
A powerful magic prevents control of your teleportation.
You blink.
The orb of destruction hits you!
Ouch! That really hurt!
* * * LOW HITPOINT WARNING * * *
Evoke which item? (* to show all) (? for menu, Esc to quit)
Zapping:
c - a wand of heal wounds (2)
Press: ? - help, Shift-Dir - straight line, f - you You feel much better.
This wand has 1 charge left.
The winds around you start to calm down.
The orb of destruction hits you!
You die...

...........# ##...., , , ,*
..........## ##........,, ,
,, ..(.......#
##..........,, , ......[..##
#.§§§........ , ,,,
.........# #§§§§§§§......, ,
.........## #§§§§§§§§.....,,
,,, ..........#
#XL§§§§§§§.... ,
..^.......##
#§§§§§§XX§§....,, ,
...........###§§@§§§§§§§....
#########...###§§§§§q§§§....
, , ##....##§§§§§§§..... , ,
###...§§§§§§§......,,,
#▓▓▓▓▓▓#▓▓▓▓##8.,, *** , ,
,,, ,, , ,,,, ,, ,, , *,, ,
, ,,,, , ▓▓▓▓▓▓▓▓ * , , ,, ,
,,, ,, ,


You could see a red draconian knight (invisible), an ancient lich and 3 Orb
Guardians.

Vanquished Creatures
  2 orbs of fire (Zot:5)
  8 ancient liches
  4 caustic shrikes
  2 Killer Klowns (Zot:5)
  9 golden dragons
  A bone dragon (Depths:5)
  Nikola (Elf:3)
  5 electric golems
  18 tentacled monstrosities
  22 Orb Guardians (Zot:5)
  8 titans
  4 deep elf blademasters (Elf:3)
  3 liches
  Asterion (Snake:5)
  2 quicksilver dragons (Vaults:5)
  3 deep elf master archers (Elf:3)
  5 sphinxes
  11 tengu reavers
  Agnes (Snake:5)
  An octopode crusher (Depths:2)
  2 ancient champions
  9 shadow dragons
  15 storm dragons
  8 draconian monks
  2 revenants (Crypt:1)
  9 greater nagas
  18 frost giants
  An orc warlord (Orc:1)
  15 fire giants
  2 ghost moths
  4 draconian knights (Zot:1)
  2 iron dragons
  Louise (D:15)
  5 draconian scorchers
  A curse skull (Crypt:1)
  9 emperor scorpions
  13 deep elf sorcerers
  9 draconian zealots
  Gastronok (Lair:2)
  15 ghouls
  18 ironheart preservers
  3 spriggan defenders
  8 draconian annihilators
  27 vault wardens
  15 very ugly things
  A war gargoyle (Vaults:5)
  A caustic shrike skeleton (Crypt:2)
  33 stone giants
  8 draconian shifters
  4 draconian callers
  6 green draconians
  5 black draconians
  10 grey draconians
  10 dire elephants
  12 white draconians
  6 deep elf demonologists
  Azrael (Elf:3)
  13 purple draconians
  4 eidola (Crypt:1)
  6 vampire knights
  18 deep elf annihilators
  11 mottled draconians
  13 pale draconians
  6 red draconians
  7 yellow draconians
  11 deep elf death magi
  19 fire dragons
  Snorg (Orc:2)
  37 vault guards
  2 unborn (Crypt:2)
  14 ettins
  8 minotaurs
  21 yaktaur captains
  A merfolk impaler (Depths:2)
  A blizzard demon (Depths:2)
  9 deep elf high priests
  7 jiangshi
  10 great orbs of eyes
  7 death cobs
  23 hydras
  21 ice dragons
  10 rakshasas
  Harold (D:10)
  13 naga warriors
  An ice dragon (shapeshifter) (D:15)
  14 anacondas
  8 spriggan air magi
  Nessos (D:11)
  10 deep troll shamans
  3 dancing weapons
  3 tengu warriors
  19 death yaks
  7 alligators
  10 centaur warriors
  16 deep troll earth magi
  15 ogre magi
  A death knight (Crypt:1)
  2 soul eaters
  A titan zombie (Crypt:2)
  6 shock serpents
  A spectral elf (Depths:5)
  Urug (D:15)
  3 vampire magi
  22 naga sharpshooters
  6 catoblepae
  8 spriggan berserkers
  3 orc high priests (Orc:4)
  19 deep elf knights
  2 fire crabs
  14 skeletal warriors
  4 unseen horrors
  2 salamander mystics
  7 hell knights
  6 iron trolls
  A fire crab (shapeshifter) (Depths:1)
  4 shadow wraiths
  5 wizards
  49 deep trolls
  A giant orange brain (shapeshifter) (Vaults:5)
  A golden dragon zombie (Crypt:2)
  A storm dragon skeleton (Crypt:1)
  3 ice devils
  2 sun demons (Depths:2)
  5 flayed ghosts
  2 spriggan druids
  A swamp dragon (shapeshifter) (Depths:3)
  2 shambling mangroves
  An ice statue (IceCv)
  12 deep elf summoners
  11 naga ritualists
  11 swamp dragons
  An obsidian statue (Depths:2)
  2 giant orange brains
  A tengu zombie (Depths:5)
  5 wolf spiders
  19 orc knights
  A shadow dragon zombie (Depths:5)
  17 harpies
  12 necromancers
  An anubis guard (shapeshifter) (Depths:4)
  6 hill giants
  25 ironbrand convokers
  23 moths of wrath
  A hill giant (shapeshifter) (Depths:4)
  4 hornets
  A stone giant zombie (Crypt:2)
  18 deep elf conjurers
  An oklob plant (Snake:2)
  A draconian (shapeshifter) (Vaults:1)
  2 salamanders (shapeshifter) (Depths:4)
  A fire giant zombie (Crypt:2)
  13 mana vipers
  A shadow dragon skeleton (Depths:5)
  10 orc sorcerers
  3 guardian serpents
  3 human zombies (Vaults:3)
  4 iron dragon zombies (Depths:5)
  A manticore (shapeshifter) (Elf:3)
  A sixfirhy (Elf:3)
  3 cyclopes
  A sphinx skeleton (Depths:5)
  An elephant (shapeshifter) (Depths:5)
  2 griffons (shapeshifter)
  2 griffons
  7 phantasmal warriors
  5 manticores
  102 ugly things
  A moth of wrath (shapeshifter) (Depths:3)
  A cyclops (shapeshifter) (Vaults:4)
  A water nymph (shapeshifter) (Elf:2)
  A faun (shapeshifter) (Vaults:1)
  A black mamba (shapeshifter) (Vaults:2)
  Maurice (D:12)
  2 centaur zombies
  8 elephants
  2 rust devils
  15 salamanders
  23 vault sentinels
  23 naga magi
  Joseph (D:7)
  A spiny frog (shapeshifter) (D:14)
  2 frost giant skeletons
  4 torpor snails
  An orange demon (Depths:2)
  A gargoyle (Volcano)
  43 black mambas
  22 spiny frogs
  5 centaur skeletons
  A komodo dragon (shapeshifter) (Vaults:4)
  An efreet (Volcano)
  13 komodo dragons
  4 kobold demonologists
  A purple draconian zombie (Depths:5)
  A minotaur zombie (Crypt:2)
  A demonic crawler (Elf:2)
  8 fire drakes
  A hellwing (Depths:3)
  2 red devils
  84 yaktaurs
  18 deep elf priests
  3 blue devils
  A merfolk (shapeshifter) (Vaults:4)
  A tormentor (Depths:3)
  A troll (shapeshifter) (Vaults:1)
  A fire vortex (Volcano)
  19 polar bears
  A queen bee (Lair:7)
  A wind drake (shapeshifter) (Depths:1)
  8 freezing wraiths
  8 boulder beetles
  6 giant leeches
  A hydra skeleton (Crypt:2)
  Prince Ribbit (D:7)
  59 slime creatures
  9 bog bodies
  26 two-headed ogres
  8 trolls
  14 ravens
  A two-headed ogre (shapeshifter) (Depths:1)
  A hornet zombie (D:15)
  A slime creature (shapeshifter) (Vaults:5)
  A wind drake (Zot:5)
  An ettin zombie (Crypt:2)
  3 baby alligators (Swamp:5)
  An ice dragon zombie (Crypt:2)
  A frost giant simulacrum (Crypt:2)
  A trapdoor spider (shapeshifter) (Depths:3)
  4 shadows
  4 water elementals (Depths:2)
  17 blink frogs
  10 air elementals
  4 vampires
  3 tarantellas
  79 yaks
  4 basilisks
  An ettin skeleton (Crypt:2)
  A flying skull (Vaults:2)
  5 fire elementals
  11 redbacks
  30 deep elf magi
  3 wyverns
  2 elf zombies (Depths:5)
  Eustachio (D:6)
  6 wraiths
  A neqoxec (Depths:3)
  29 spriggans
  31 deep elf fighters
  10 hippogriffs
  4 hungry ghosts
  A steam dragon (Lair:5)
  12 insubstantial wisps
  32 vampire mosquitoes
  2 soldier ants
  An emperor scorpion simulacrum (Crypt:2)
  42 wolves
  8 wargs
  35 swamp worms
  3 chaos spawn
  A harpy simulacrum (Crypt:2)
  43 water moccasins
  3 mottled dragons
  12 porcupines
  4 hell hounds (Elf:3)
  5 sky beasts
  47 nagas
  A baby alligator skeleton (Crypt:2)
  A manticore zombie (Crypt:1)
  54 orc warriors
  16 swamp drakes
  21 wasps
  A spiny frog skeleton (Crypt:2)
  4 necrophages
  4 eyes of draining
  8 boggarts
  9 ice beasts
  5 phantoms
  9 black bears (Lair:8)
  2 snapping turtle skeletons
  10 big kobolds
  28 centaurs
  A fire drake zombie (Crypt:1)
  A komodo dragon zombie (Lair:3)
  An octopode zombie (Crypt:2)
  58 ogres
  Sigmund (D:4)
  A brain worm (shapeshifter) (Depths:2)
  3 boring beetles
  6 large abominations (Vaults:5)
  25 crocodiles
  30 giant frogs
  A brain worm (D:11)
  A water moccasin zombie (D:8)
  A gnoll sergeant (D:8)
  A human skeleton (Vaults:3)
  5 scorpions
  6 wights
  A troll skeleton (Crypt:2)
  25 killer bees
  3 electric eels
  A quasit (D:11)
  A wyvern simulacrum (D:14)
  5 iron imps
  16 crimson imps
  A gnoll shaman (D:7)
  28 orc priests
  3 giant frog skeletons
  9 hounds
  5 jellies
  A soldier ant zombie (Crypt:1)
  10 iguanas
  A two-headed ogre skeleton (Crypt:1)
  31 orc wizards
  Natasha (thrice) (D:4)
  A demonspawn skeleton (Crypt:2)
  2 bog body skeletons (Crypt:2)
  A worker ant (shapeshifter) (Vaults:5)
  14 worker ants
  14 hell rats
  26 sheep
  A naga zombie (Crypt:1)
  A crocodile zombie (Lair:3)
  A naga skeleton (Crypt:2)
  A hound zombie (D:5)
  A hound skeleton (Crypt:2)
  2 mummies
  Robin (D:3)
  7 gnolls
  41 river rats
  30 adders
  5 white imps
  2 giant mites
  11 shadow imps
  4 worms
  2 ufetubi
  2 adder zombies
  10 giant geckos
  194 orcs
  8 ball pythons
  34 bats
  32 goblins
  18 hobgoblins
  7 jackals
  27 kobolds
  4 river rat zombies (Lair:3)
  6 giant cockroaches
  A giant cockroach zombie (Crypt:1)
  2 giant gecko skeletons
  3 giant newts
  5 giant spores
  A jackal skeleton (D:4)
  17 quokkas
  A quokka skeleton (D:10)
  21 rats
  A rat skeleton (Crypt:1)
  A river rat skeleton (Lair:3)
  28 ballistomycetes
  4 crawling corpses
  3 fungi
  4 plants
3387 creatures vanquished.

Vanquished Creatures (collateral kills)
  A tentacled monstrosity (Swamp:4)
  A tengu reaver (Depths:3)
  Aizul (Snake:5)
  Josephine (D:10)
  Erolcha (D:10)
  A centaur skeleton (D:10)
  2 giant leeches (Swamp:4)
  A wraith (D:10)
  A naga (Snake:5)
  3 swamp worms (Swamp:4)
  A mummy (D:10)
  A shadow imp (D:4)
  2 orcs
  4 hobgoblins
  2 jackals (D:2)
  A kobold (D:1)
24 creatures vanquished.

Vanquished Creatures (others)
  A tentacled monstrosity (Vaults:5)
  3 fire giants
  A draconian knight (Zot:1)
  A draconian shifter (Zot:1)
  A grey draconian (Zot:3)
  A draconian caller (Zot:1)
  A deep elf high priest (Elf:3)
  A skeletal warrior (Depths:5)
  A shadow wraith (Vaults:5)
  2 deep elf conjurers
  288 ball lightnings
  A fire drake (Zot:3)
  A deep elf mage (Elf:3)
  A fire elemental (Snake:2)
  A wolf (Depths:5)
  2 nagas (Snake:2)
  2 ogres
  An earth elemental (Snake:2)
  3 lost souls
  A centaur (D:15)
  A crimson imp (Depths:2)
  A hell rat (Elf:3)
  2 shadow imps
  3 white imps
  An orc (Vaults:1)
  2 giant spores
  A ballistomycete (D:11)
  10 fungi
  A plant (Lair:8)
336 creatures vanquished.

Grand Total: 3747 creatures vanquished

Notes
Turn   | Place    | Note
--------------------------------------------------------------
     0 | D:1      | Medar, the Gargoyle Wizard, began the quest for the Orb.
     0 | D:1      | Reached XP level 1. HP: 10/10 MP: 4/4
   419 | D:1      | Reached XP level 2. HP: 15/15 MP: 3/6
   423 | D:1      | Learned a level 2 spell: Call Imp
  1040 | D:1      | Reached XP level 3. HP: 19/19 MP: 4/7
  1606 | D:1      | Learned a level 2 spell: Blink
  1610 | D:1      | Learned a level 3 spell: Conjure Flame
  2106 | D:2      | Reached skill level 4 in Conjurations
  2289 | D:2      | You fall through a shaft!
  2353 | D:3      | Reached XP level 4. HP: 24/24 MP: 6/9
  2510 | D:3      | Noticed Robin
  2667 | D:5      | Entered Level 5 of the Dungeon
  2888 | D:4      | Noticed Sigmund
  2892 | D:4      | Killed Sigmund
  2892 | D:4      | Reached skill level 5 in Conjurations
  2892 | D:4      | Reached XP level 5. HP: 28/28 MP: 4/11
  3003 | D:4      | Noticed Natasha
  3032 | D:4      | Killed Natasha
  3032 | D:4      | Reached skill level 1 in Shields
  3175 | D:4      | Found a basalt altar of Yredelemnul.
  3291 | D:4      | Noticed Natasha
  3294 | D:4      | Killed Natasha
  3313 | D:4      | Learned a level 2 spell: Repel Missiles
  3489 | D:4      | Reached XP level 6. HP: 32/32 MP: 4/12
  3535 | D:4      | Noticed a phantom
  4496 | D:3      | Killed Robin
  5143 | D:4      | Noticed Natasha
  5146 | D:4      | Killed Natasha
  5191 | D:4      | Reached skill level 1 in Translocations
  5448 | D:4      | Killed a phantom
  5717 | D:5      | Reached XP level 7. HP: 36/36 MP: 6/15
  5854 | D:5      | Found a blossoming altar of Fedhas.
  5861 | D:5      | Found a glowing silver altar of Zin.
  5864 | D:5      | Found a sacrificial altar of Ru.
  5865 | D:5      | Found an opulent altar of Gozag.
  5978 | D:5      | Noticed a giant frog
  5994 | D:5      | Killed a giant frog
  6217 | D:5      | Learned a level 3 spell: Mephitic Cloud
  6322 | D:5      | Found a shadowy altar of Dithmenos.
  6458 | D:5      | Noticed a sky beast
  6466 | D:5      | Killed a sky beast
  6466 | D:5      | Reached skill level 1 in Air Magic
  6466 | D:5      | Reached skill level 1 in Poison Magic
  6887 | D:5      | Found a shattered altar of Ashenzari.
  6887 | D:5      | Found a shimmering altar of Xom.
  6890 | D:5      | Became a worshipper of Ashenzari the Shackled
  7122 | D:6      | Found a staircase to the Ecumenical Temple.
  7679 | D:6      | Learned a level 1 spell: Sting
  7818 | D:5      | Reached XP level 8. HP: 33/41 MP: 10/18
  7988 | D:6      | Reached skill level 1 in Summonings
  8135 | D:6      | Reached skill level 1 in Charms
  8381 | D:6      | Reached skill level 1 in Fire Magic
  8551 | D:6      | Noticed Eustachio
  8563 | D:6      | Killed Eustachio
  8563 | D:6      | Reached skill level 6 in Conjurations
  8735 | D:6      | Found a sparkling altar of Nemelex Xobeh.
  8985 | D:7      | Reached skill level 1 in Fighting
  9203 | D:7      | Reached XP level 9. HP: 47/49 MP: 11/20
  9303 | D:7      | Noticed Joseph
  9584 | D:7      | Reached skill level 5 in Fighting
 10167 | D:7      | Noticed Prince Ribbit
 10171 | D:7      | Killed Prince Ribbit
 10732 | D:8      | Reached skill level 5 in Spellcasting
 11148 | D:8      | Reached skill level 7 in Conjurations
 11535 | D:8      | Reached skill level 5 in Poison Magic
 11725 | D:8      | Reached XP level 10. HP: 59/59 MP: 14/22
 11952 | D:9      | Reached skill level 8 in Conjurations
 11959 | D:9      | Learned a level 5 spell: Venom Bolt
 12705 | D:9      | Reached skill level 9 in Conjurations
 14022 | D:10     | Entered Level 10 of the Dungeon
 14299 | D:10     | Noticed Josephine
 14339 | D:10     | Killed Josephine
 14569 | D:10     | Reached XP level 11. HP: 64/64 MP: 20/25
 14666 | D:10     | Reached skill level 10 in Conjurations
 14865 | D:10     | Noticed Erolcha
 14866 | D:10     | Noticed Harold
 14993 | D:11     | Found a labyrinth entrance.
 15001 | Lab      | Entered a labyrinth
 15178 | Lab      | Noticed a minotaur
 15195 | Lab      | Killed a minotaur
 15212 | Lab      | Got the uncursed robe of the Realm of Zot {rElec rF+ Stlth+}
 15224 | Lab      | Identified the +1 robe of the Realm of Zot {rElec rF+ Stlth+} (You found it in a labyrinth)
 15245 | Lab      | Identified the Volume of the Boosting Traveller (You found it in a labyrinth)
 15284 | D:11     | Learned a level 4 spell: Control Teleport
 15362 | D:11     | Noticed a five-headed hydra
 17167 | D:11     | Found a staircase to the Lair.
 17517 | D:11     | Noticed Nessos
 17523 | D:11     | Killed Nessos
 17851 | D:11     | Reached skill level 11 in Conjurations
 17997 | Lair:1   | Entered Level 1 of the Lair of Beasts
 18215 | Lair:1   | Reached XP level 12. HP: 68/68 MP: 13/28
 18312 | Lair:1   | Noticed a seven-headed hydra
 18318 | Lair:1   | Found an ancient bone altar of Kikubaaqudgha.
 18323 | Lair:1   | Acquired Ashenzari's first power
 18737 | Lair:1   | Gained mutation: You have a pair of small horns on your head. [potion of mutation]
 18737 | Lair:1   | Gained mutation: You have sharp fingernails. [potion of mutation]
 18737 | Lair:1   | Gained mutation: You passively map a small area around you. [potion of mutation]
 19293 | D:7      | Killed Joseph
 19394 | D:10     | Killed Erolcha
 19569 | D:10     | Reached skill level 12 in Conjurations
 19939 | D:10     | Reached skill level 1 in Armour
 20192 | D:10     | Noticed a red ugly thing
 20192 | D:10     | Noticed a cyan ugly thing
 20192 | D:10     | Noticed a purple ugly thing
 20193 | D:10     | Noticed a purple ugly thing
 20193 | D:10     | Noticed a green ugly thing
 20206 | D:10     | Killed a cyan ugly thing
 20206 | D:10     | Killed a red ugly thing
 20211 | D:10     | Killed a purple ugly thing
 20213 | D:10     | Noticed a white ugly thing
 20214 | D:10     | Killed a brown ugly thing
 20264 | D:10     | Killed a white ugly thing
 20417 | D:10     | Killed a purple ugly thing
 20467 | D:10     | Killed Harold
 20656 | D:10     | Noticed a wizard
 20660 | D:10     | Killed a wizard
 20715 | D:10     | Noticed a white very ugly thing
 20716 | D:10     | Noticed a wizard
 21443 | D:11     | Killed an unseen horror
 21457 | D:11     | Learned a level 3 spell: Stone Arrow
 21669 | D:11     | Killed a five-headed hydra
 21804 | D:11     | Reached skill level 1 in Earth Magic
 22030 | Lair:1   | Reached XP level 13. HP: 72/72 MP: 18/30
 22230 | Lair:1   | Killed a seven-headed hydra
 22498 | Lair:1   | Reached skill level 10 in Spellcasting
 22554 | Lair:1   | Noticed a four-headed hydra
 22561 | Lair:1   | Killed a four-headed hydra
 23457 | Lair:2   | Noticed Gastronok
 23468 | Lair:2   | Killed Gastronok
 24319 | Lair:2   | Reached skill level 13 in Conjurations
 25742 | Lair:3   | Reached skill level 1 in Evocations
 25998 | Lair:4   | Acquired Ashenzari's second power
 27045 | Lair:4   | Found a staircase to the Swamp.
 27326 | Lair:5   | Reached skill level 5 in Armour
 27809 | D:11     | Upgraded the game from 0.16-a0-4002-g2d13b8e to 0.16-a0-4005-g3d13fd6
 27878 | Lair:1   | Gained mutation: Your wings are large and strong. [gargoyle growth]
 27878 | Lair:1   | Reached XP level 14. HP: 78/80 MP: 19/32
 28312 | Lair:5   | Reached skill level 5 in Dodging
 28507 | Lair:5   | Found a staircase to the Snake Pit.
 28949 | Lair:5   | Acquired Ashenzari's third power
 30837 | Lair:6   | Reached skill level 14 in Conjurations
 31169 | Lair:6   | Found a viscous altar of Jiyva.
 31198 | Lair:6   | Found a staircase to the Slime Pits.
 31250 | Lair:6   | Acquired Ashenzari's fourth power
 31687 | Lair:7   | Found a dark tunnel.
 31702 | Volcano  | Entered a volcano
 32259 | Lair:7   | Reached skill level 1 in Long Blades
 33705 | Lair:7   | Reached skill level 5 in Long Blades
 34443 | Lair:8   | Entered Level 8 of the Lair of Beasts
 34615 | Lair:8   | Identified a scroll of acquirement
 35417 | Lair:8   | Reached XP level 15. HP: 74/85 MP: 27/34
 35653 | Lair:8   | Identified Vehumet's Compendium of Flying Conjuration
 35661 | Lair:8   | Learned a level 6 spell: Poisonous Cloud
 36727 | Lair:8   | Identified the +1 helmet of Bitterness {rF+ rC+} (You found it on level 8 of the Lair of Beasts)
 36728 | Lair:8   | Lost mutation: You have sharp fingernails. [potion of cure mutation]
 36728 | Lair:8   | Lost mutation: You passively map a small area around you. [potion of cure mutation]
 36728 | Lair:8   | Lost mutation: You have a pair of small horns on your head. [potion of cure mutation]
 38005 | D:12     | Found a staircase to the Orcish Mines.
 38410 | D:12     | Found Omacvaes' Food Boutique.
 38441 | D:12     | Noticed Maurice
 38445 | D:12     | Killed Maurice
 38926 | D:12     | Gained mutation: You are robust (+10% HP). [mutagenic meat]
 38927 | D:12     | Gained mutation: You expend magic power (3 MP) to slightly strengthen your wands. [mutagenic meat]
 39079 | Orc:1    | Entered Level 1 of the Orcish Mines
 39691 | Orc:2    | Found a roughly hewn altar of Beogh.
 40029 | Orc:3    | Found a roughly hewn altar of Beogh.
 40937 | Orc:2    | Noticed Snorg
 40942 | Orc:2    | Killed Snorg
 41486 | Orc:4    | Entered Level 4 of the Orcish Mines
 41486 | Orc:4    | Found a staircase to the Elven Halls.
 42060 | Orc:4    | Found a deep blue altar of Sif Muna.
 42803 | Orc:4    | Found Meahiac's Book Shop.
 42806 | Orc:4    | Found Quties' Food Shoppe.
 42899 | Orc:4    | Found Ewamn's Armour Shop.
 43105 | Orc:4    | Found Buunem's Gadget Shoppe.
 43112 | Orc:4    | Bought a wand of disintegration (13) for 255 gold pieces
 43131 | Orc:4    | Bought a book of Fire for 650 gold pieces
 43131 | Orc:4    | Bought a book of Enchantments for 500 gold pieces
 43285 | D:11     | Lost mutation: You are robust (+10% HP). [mutagenic meat]
 43286 | D:11     | Gained mutation: Your muscles are strong. (Str +2) [mutagenic meat]
 43287 | D:11     | Gained mutation: You are dopey. (Int -2) [mutagenic meat]
 43331 | D:11     | Learned a level 5 spell: Fireball
 43788 | D:11     | Learned a level 5 spell: Ignite Poison
 44060 | D:13     | Reached skill level 1 in Transmutations
 44229 | D:13     | Found a gate to the Vaults.
 44721 | D:14     | Reached XP level 16. HP: 93/93 MP: 35/35
 44978 | D:14     | Reached skill level 5 in Fire Magic
 45173 | D:14     | Lost mutation: You are dopey. (Int -2) [mutagenic meat]
 45174 | D:14     | Gained mutation: Your spells are a little easier to cast, but a little less powerful. [mutagenic meat]
 45176 | D:14     | Gained mutation: You are partially covered in rough black scales (AC +4, Dex -1). [mutagenic meat]
 45295 | D:14     | Found an opulent altar of Gozag.
 45306 | D:14     | Identified the cursed -4 robe of Jiwuses {rElec rN+ Regen+ Str+4 Int-3}
 45370 | D:15     | Entered Level 15 of the Dungeon
 45420 | D:15     | Noticed Urug
 45422 | D:15     | Killed Urug
 45616 | D:15     | Gained mutation: Your muscles are very strong. (Str +4) [mutagenic meat]
 45617 | D:15     | Gained mutation: You are partially covered in rugged brown scales (AC +1, +3% HP). [mutagenic meat]
 45619 | D:15     | Gained mutation: You have sharp toenails. [mutagenic meat]
 45697 | D:15     | Found a frozen archway.
 45728 | IceCv    | Entered an ice cave
 46374 | IceCv    | Identified the cursed +2 scimitar "Vaaguneac" {slice, Str+4} (You acquired it in an ice cave)
 47179 | IceCv    | Identified the +6 hand axe "Pleony" {chop, rF++}
 47289 | D:15     | Found a staircase to the Depths.
 47292 | D:15     | Reached skill level 10 in Fire Magic
 47295 | D:15     | Lost mutation: Your muscles are very strong. (Str +4) [mutagenic meat]
 47296 | D:15     | Lost mutation: Your muscles are strong. (Str +2) [mutagenic meat]
 47297 | D:15     | Lost mutation: You expend magic power (3 MP) to slightly strengthen your wands. [mutagenic meat]
 47427 | D:15     | Noticed Louise
 47438 | D:15     | Killed Louise
 47998 | D:15     | Found Mimur's Blood Bar.
 48026 | D:15     | Found an ancient bone altar of Kikubaaqudgha.
 48525 | D:11     | Learned a level 6 spell: Deflect Missiles
 48729 | Snake:1  | Entered Level 1 of the Snake Pit
 49892 | Snake:2  | Found a basalt altar of Yredelemnul.
 49898 | Snake:2  | Reached skill level 5 in Charms
 50029 | Snake:2  | Reached XP level 17. HP: 86/99 MP: 1/36
 50317 | Snake:2  | Reached skill level 5 in Air Magic
 50413 | Snake:2  | Noticed Wiglaf
 55375 | Snake:5  | Entered Level 5 of the Snake Pit
 56263 | Snake:5  | Noticed Asterion
 56403 | Snake:5  | Noticed Agnes
 56409 | Snake:5  | Killed Agnes
 56709 | Snake:5  | Killed Asterion
 56709 | Snake:5  | Reached XP level 18. HP: 80/107 MP: 2/38
 57157 | Snake:5  | Identified the +6 hand axe of Praorgh {drain, -Cast MR+ Int+6}
 57879 | Snake:5  | Reached skill level 10 in Fighting
 58919 | Snake:5  | Noticed Aizul
 58947 | Snake:5  | Killed Aizul
 60028 | Snake:5  | Got a serpentine rune of Zot
 60728 | Swamp:1  | Entered Level 1 of the Swamp
 62505 | Swamp:2  | Identified the +3 ring mail of the Cast Vote {+Fly Int-3 Dex+2 Slay+3}
 62759 | Swamp:2  | Reached XP level 19. HP: 119/119 MP: 28/38
 63703 | Swamp:3  | Reached skill level 15 in Conjurations
 63980 | Swamp:3  | Identified the cursed -4 scale mail of Boiling Hail {rF+ Str+4 Dex+2}
 66597 | Swamp:5  | Entered Level 5 of the Swamp
 67895 | Swamp:5  | Reached skill level 16 in Conjurations
 68096 | Swamp:5  | Noticed the 27-headed Lernaean hydra
 68308 | Swamp:5  | Got a decaying rune of Zot
 68734 | Vaults:1 | Entered Level 1 of the Vaults
 69157 | Vaults:1 | Reached skill level 15 in Spellcasting
 69750 | Vaults:1 | Identified the +6 flail "Frickot" {drain, rPois+}
 70564 | Vaults:1 | Upgraded the game from 0.16-a0-4005-g3d13fd6 to 0.16-a0-4020-g6ff35b5
 70744 | Vaults:1 | Reached XP level 20. HP: 125/125 MP: 37/40
 70784 | Vaults:1 | Gained mutation: Your spells are easier to cast, but less powerful. [mutagenic meat]
 70785 | Vaults:1 | Gained mutation: Your body is slowly deteriorating. [mutagenic meat]
 70786 | Vaults:1 | Lost mutation: You have sharp toenails. [mutagenic meat]
 70787 | Vaults:1 | Gained mutation: You have difficulty communicating with the divine. [mutagenic meat]
 70788 | Vaults:1 | Gained mutation: You heal slowly when monsters are visible. [mutagenic meat]
 70790 | Vaults:1 | Gained mutation: Your muscles are strong. (Str +2) [mutagenic meat]
 70801 | Vaults:1 | Gained mutation: Your magical capacity is low (-10% MP). [mutagenic meat]
 70804 | Vaults:1 | Lost mutation: Your body is slowly deteriorating. [mutagenic meat]
 70807 | Vaults:1 | Lost mutation: You heal slowly when monsters are visible. [potion of cure mutation]
 70807 | Vaults:1 | Lost mutation: Your magical capacity is low (-10% MP). [potion of cure mutation]
 71830 | Vaults:1 | Gained mutation: Your mind is acute. (Int +2) [mutagenic meat]
 72309 | Vaults:2 | Reached skill level 10 in Dodging
 72856 | Vaults:2 | Found a staircase to the Crypt.
 73420 | Vaults:2 | Identified the +8 rapier "Psehoa" {pierce, rN+ Str+2 Dex+2 Stlth+}
 73677 | Vaults:1 | Lost mutation: Your mind is acute. (Int +2) [mutagenic meat]
 77892 | Vaults:3 | Reached XP level 21. HP: 122/135 MP: 8/40
 78524 | Vaults:3 | Reached skill level 10 in Armour
 79349 | Vaults:3 | Gained mutation: You are frail (-10% HP). [mutagenic meat]
 79350 | Vaults:3 | Gained mutation: You have sharp toenails. [mutagenic meat]
 79353 | Vaults:3 | Gained mutation: You are dopey. (Int -2) [mutagenic meat]
 79356 | Vaults:3 | Gained mutation: Your spells are much easier to cast, but much less powerful. [mutagenic meat]
 79357 | Vaults:3 | Lost mutation: You have sharp toenails. [mutagenic meat]
 80181 | Vaults:3 | Lost mutation: Your muscles are strong. (Str +2) [mutagenic meat]
 80644 | Vaults:4 | Reached skill level 15 in Fighting
 82443 | Vaults:4 | Identified the +6 dire flail "Qeonyd" {holy, *Rage rElec rN+ Str+4 Stlth+} (You found it on level 4 of the Vaults)
 83019 | Vaults:4 | Reached XP level 22. HP: 128/131 MP: 26/41
 83042 | Vaults:4 | Lost mutation: Your spells are much easier to cast, but much less powerful. [mutagenic meat]
 83043 | Vaults:4 | Gained mutation: Armour fits poorly on your strangely shaped body. [mutagenic meat]
 83044 | Vaults:4 | Gained mutation: Your magical capacity is low (-10% MP). [mutagenic meat]
 83046 | Vaults:4 | Lost mutation: You are dopey. (Int -2) [mutagenic meat]
 83047 | Vaults:4 | Gained mutation: You are agile. (Dex +2) [mutagenic meat]
 83082 | Vaults:4 | Gained mutation: You are weak. (Str -2) [mutagenic meat]
 83193 | Vaults:4 | Gained mutation: You are very weak. (Str -4) [mutagenic meat]
 83366 | Crypt:1  | Entered Level 1 of the Crypt
 84785 | Crypt:1  | XOM: scenery: 1 doors close
 85887 | Crypt:2  | Reduced skill Translocations to level 1
 86945 | Crypt:1  | Reached skill level 10 in Air Magic
 89943 | D:11     | Learned a level 6 spell: Bolt of Fire
 89950 | D:11     | Learned a level 6 spell: Conjure Ball Lightning
 90590 | Elf:1    | Entered Level 1 of the Elven Halls
 91440 | Elf:2    | Found Gydacair's Jewellery Boutique.
 91508 | Elf:2    | Gained mutation: You tend to lose your temper in combat. [mutagenic meat]
 91509 | Elf:2    | Gained mutation: You expend magic power (3 MP) to slightly strengthen your wands. [mutagenic meat]
 91638 | Elf:2    | Found a runed gate.
 91638 | Elf:2    | Found a runed gate.
 91639 | Elf:2    | Found a runed gate.
 92441 | Elf:3    | Entered Level 3 of the Elven Halls
 92441 | Elf:3    | Noticed Nikola
 92448 | Elf:3    | Killed Nikola
 92628 | Elf:3    | Found Twets' Weapon Shoppe.
 93026 | Elf:3    | Noticed Azrael
 93028 | Elf:3    | Reached XP level 23. HP: 128/135 MP: 24/36
 93032 | Elf:3    | Killed Azrael
 93199 | Elf:3    | Identified a +4 rod of clouds (11/11) (You took it off a deep elf summoner on level 3 of the Elven Halls)
 94234 | Elf:3    | Identified the ring "Psehuled" {SustAb rN+} (You took it off a deep elf blademaster on level 3 of the Elven Halls)
 94234 | Elf:3    | Identified the +0 ring mail of Contentment {MR+ Slay+3} (You took it off a deep elf blademaster on level 3 of the Elven Halls)
 96521 | Elf:3    | Identified a +0 pair of boots of running
 96762 | Elf:3    | Identified the Guide on Sinister Rituals (You found it on level 3 of the Elven Halls)
 96832 | Elf:3    | Identified the +7 arbalest "Fiaf" {speed, +Blink MP+9 Str+3 Int-4 Dex-4}
 97420 | D:11     | Learned a level 9 spell: Tornado
 97670 | Depths:1 | Entered Level 1 of the Depths
 97816 | Depths:1 | Reduced skill Earth Magic to level 1
 97828 | Depths:1 | Reached skill level 15 in Air Magic
 97838 | Depths:1 | Gained mutation: You possess an exceptional clarity of mind. [mutagenic meat]
 99434 | Depths:1 | Lost mutation: You are frail (-10% HP). [mutagenic meat]
 99437 | Depths:1 | Lost mutation: You are agile. (Dex +2) [mutagenic meat]
100020 | Depths:1 | Found a gateway to Hell.
100173 | Depths:1 | Reached XP level 24. HP: 156/156 MP: 33/37
100242 | Depths:1 | Gained mutation: You are mostly covered in rough black scales (AC +7, Dex -2). [mutagenic meat]
100244 | Depths:1 | Lost mutation: Armour fits poorly on your strangely shaped body. [mutagenic meat]
100247 | Depths:1 | Lost mutation: You tend to lose your temper in combat. [mutagenic meat]
100248 | Depths:1 | Gained mutation: You have sharp fingernails. [mutagenic meat]
100893 | Depths:1 | Lost mutation: Your spells are easier to cast, but less powerful. [mutagenic meat]
100894 | Depths:1 | Gained mutation: Your flesh is cold resistant. [mutagenic meat]
101035 | Depths:1 | Lost mutation: You are partially covered in rugged brown scales (AC +1, +3% HP). [mutagenic meat]
101036 | Depths:1 | Lost mutation: You expend magic power (3 MP) to slightly strengthen your wands. [mutagenic meat]
101037 | Depths:1 | Gained mutation: Your flesh is heat resistant. [mutagenic meat]
102204 | Depths:2 | Reached skill level 17 in Air Magic
102787 | Depths:2 | Lost mutation: Your spells are a little easier to cast, but a little less powerful. [potion of beneficial mutation]
104146 | Depths:2 | Lost mutation: You are very weak. (Str -4) [mutagenic meat]
104148 | Depths:2 | Gained mutation: You are partially covered in icy blue scales (AC +1). [mutagenic meat]
104150 | Depths:2 | Gained mutation: You have a pair of small antennae on your head. [mutagenic meat]
104151 | Depths:2 | Lost mutation: Your flesh is cold resistant. [mutagenic meat]
104153 | Depths:2 | Gained mutation: Your flesh is very heat resistant. [mutagenic meat]
104154 | Depths:2 | Gained mutation: Your flesh is almost immune to the effects of heat. [mutagenic meat]
105535 | D:15     | Reached skill level 1 in Staves
106080 | Depths:2 | Reached skill level 5 in Staves
106664 | Depths:3 | Found a one-way gate to the infinite horrors of the Abyss.
106956 | Depths:3 | Reached skill level 10 in Staves
106958 | Depths:3 | Reached XP level 25. HP: 114/157 MP: 3/37
107902 | Depths:2 | Upgraded the game from 0.16-a0-4020-g6ff35b5 to 0.16-a0-4048-g245e628
108277 | Depths:2 | Upgraded the game from 0.16-a0-4048-g245e628 to 0.16-a0-4056-gee4db93
108785 | D:15     | Bought a +0 vampiric lajatang for 752 gold pieces
109987 | Depths:3 | Reached skill level 15 in Armour
111228 | Depths:3 | Identified the +5 pair of boots of Altruism {-Tele Str+3 Dex+3 Slay+3}
111244 | Depths:3 | Lost mutation: You have difficulty communicating with the divine. [potion of cure mutation]
111244 | Depths:3 | Lost mutation: Your magical capacity is low (-10% MP). [potion of cure mutation]
111244 | Depths:3 | Lost mutation: You are weak. (Str -2) [potion of cure mutation]
111302 | Depths:3 | Reached skill level 18 in Air Magic
112076 | Depths:3 | Found a one-way gate leading to the halls of Pandemonium.
113027 | Depths:3 | Reached XP level 26. HP: 107/163 MP: 31/43
113308 | Depths:4 | Found Yryc's Weapon Shop.
114149 | Depths:4 | Reached skill level 19 in Air Magic
116866 | Depths:5 | Entered Level 5 of the Depths
119134 | Depths:5 | Reached skill level 20 in Air Magic
119134 | Depths:5 | Reached XP level 27. HP: 158/168 MP: 12/44
119795 | Depths:5 | Found a gateway to a ziggurat.
119962 | Depths:5 | Identified Woilon's Reference Book on Evil Secrets
119981 | Depths:5 | Found a gate to the Realm of Zot.
120765 | Vaults:5 | Entered Level 5 of the Vaults
120765 | Vaults:5 | Noticed an ancient lich
120784 | Vaults:5 | Killed an ancient lich
121689 | Vaults:5 | Reached skill level 21 in Air Magic
121693 | Vaults:5 | Identified the +6 chain mail of Birdsong {Str+3} (You took it off a vault warden on level 5 of the Vaults)
122335 | Vaults:5 | Identified the +7 spear "Fecoumox" {pierce, rElec rF+}
122336 | Vaults:5 | Identified the ring of Curiosity {+Blink rElec MR+ Int+2 Dex-4 SInv}
122390 | Vaults:5 | Identified the ring "Roclag" {Ice Contam MP+9 Str+8 Stlth+} (You took it off an ironbrand convoker on level 5 of the Vaults)
122492 | Vaults:5 | Identified the +8 plate armour "Teen" {MP+9}
122493 | Vaults:5 | Identified the +7 broad axe of the People {vamp, *Rage +Blink +Rage rC- Stlth+}
122683 | Vaults:5 | Identified the +6 scale mail of Udwaowo {rElec MR++ Str+3} (You took it off a vault warden on level 5 of the Vaults)
122735 | Vaults:5 | Got a silver rune of Zot
122794 | Vaults:5 | Identified the +3 flail of Peghutin {freeze, Stlth+}
122888 | Vaults:5 | Identified the -6 troll leather armour "Zyschoomi" {+Inv Regen+ Str+3 Int-3}
123720 | Vaults:5 | Identified the +1 broad axe of the Orcish Mines {chop, rElec rC+ Int+6 Dex-5}
124731 | Vaults:5 | Noticed an ancient lich
124834 | Vaults:5 | Killed an ancient lich
125055 | Vaults:5 | Identified the +11 hand crossbow "Wiojistri" {penet, rC++ Str-4}
125152 | Vaults:5 | Noticed an ancient lich
125164 | Vaults:5 | Killed an ancient lich
126115 | Zot:1    | Entered Level 1 of the Realm of Zot
130196 | Elf:2    | Bought an uncursed amulet of regeneration for 540 gold pieces
130770 | Zot:2    | Reached skill level 22 in Air Magic
133182 | Zot:3    | Identified the ring "Afreoxo" {Str+2 Dex+5} (You took it off a white draconian on level 3 of the Realm of Zot)
133831 | Zot:4    | Identified the +1 robe of Dishonesty {rC+ MR+ MP-9}
134196 | Zot:5    | Entered Level 5 of the Realm of Zot
134957 | Zot:5    | Noticed an ancient lich
134994 | Zot:5    | Noticed an ancient lich
135404 | Zot:5    | Killed an ancient lich
135454 | Zot:5    | Noticed an orb of fire
135462 | Zot:5    | Noticed an orb of fire
135462 | Zot:5    | Killed an orb of fire
135474 | Zot:5    | Killed an orb of fire
135573 | Zot:5    | Noticed an ancient lich
135581 | Zot:5    | Killed an ancient lich
135671 | Zot:5    | Noticed an ancient lich
135679 | Zot:5    | Killed an ancient lich
135679 | Zot:5    | Reached skill level 23 in Spellcasting
135933 | Zot:5    | Noticed an ancient lich
135943 | Zot:5    | Killed an ancient lich
136012 | Zot:5    | Killed an ancient lich
136017 | Zot:5    | Noticed an ancient lich
136024 | Zot:5    | Blown up by an ancient lich

Action                   |  1- 3 |  4- 6 |  7- 9 | 10-12 | 13-15 | 16-18 | 19-21 | 22-24 | 25-27 || total
-------------------------+-------+-------+-------+-------+-------+-------+-------+-------+-------++-------
Melee: Unarmed           |    31 |       |       |       |       |       |       |       |       ||    31
       Dagger            |    19 |     3 |    74 |   348 |   143 |       |       |       |       ||   587
       Scimitar          |       |       |       |       |   624 |   979 |  1276 |  1949 |       ||  4828
       Lajatang          |       |       |       |       |       |       |       |   130 |  2761 ||  2891
 Cast: Magic Dart        |   108 |   156 |   146 |   172 |     1 |       |       |       |       ||   583
       Call Imp          |     5 |     6 |     8 |     1 |     1 |       |       |       |       ||    21
       Conjure Flame     |       |     1 |     5 |    19 |       |       |       |       |       ||    25
       Repel Missiles    |       |     1 |       |     1 |       |       |       |       |       ||     2
       Sting             |       |       |   232 |   487 |   339 |       |       |       |       ||  1058
       Mephitic Cloud    |       |       |    27 |    41 |     5 |       |       |       |       ||    73
       Blink             |       |       |     3 |    32 |    14 |     7 |     5 |     8 |     5 ||    74
       Venom Bolt        |       |       |       |    67 |   313 |   132 |   203 |    12 |    58 ||   785
       Stone Arrow       |       |       |       |     7 |   236 |    20 |     6 |       |       ||   269
       Control Teleport  |       |       |       |     1 |       |       |       |     1 |       ||     2
       Poisonous Cloud   |       |       |       |       |    18 |    41 |    77 |    74 |       ||   210
       Fireball          |       |       |       |       |     4 |   183 |   252 |    93 |    81 ||   613
       Ignite Poison     |       |       |       |       |     3 |   103 |    56 |    51 |       ||   213
       Deflect Missiles  |       |       |       |       |       |     9 |     8 |     7 |    18 ||    42
       Conjure Ball Ligh |       |       |       |       |       |       |       |    93 |    33 ||   126
       Bolt of Fire      |       |       |       |       |       |       |       |   122 |   394 ||   516
       Tornado           |       |       |       |       |       |       |       |     3 |    58 ||    61
Invok: Scrying           |       |       |       |       |     1 |       |       |       |       ||     1
       Transfer Knowledg |       |       |       |       |       |       |     1 |     2 |       ||     3
 Abil: Fly               |       |       |       |       |     1 |       |     1 |       |       ||     2
Evoke: Wand              |       |       |       |     9 |     7 |     3 |       |     6 |    13 ||    38
       Lamp of fire      |       |       |       |     2 |       |     1 |       |     1 |       ||     4
       Deck              |       |       |       |       |       |     3 |     3 |     4 |       ||    10
       Stone of tremors  |       |       |       |       |       |     1 |       |       |       ||     1
  Use: Scroll            |       |     9 |     6 |    14 |    28 |    14 |     6 |    25 |    22 ||   124
       Potion            |       |       |       |     1 |     2 |     3 |     7 |     1 |    10 ||    24
 Stab: Confused          |       |       |     1 |     4 |     1 |       |       |       |       ||     6
       Sleeping          |       |       |       |       |     6 |     6 |     2 |     4 |     4 ||    22
       Distracted        |       |       |       |       |       |     1 |       |     4 |     1 ||     6
       Petrified         |       |       |       |       |       |       |       |       |     2 ||     2
       Petrifying        |       |       |       |       |       |       |       |       |     1 ||     1
       Invisible         |       |       |       |       |       |       |       |       |     4 ||     4
  Eat: Chunk             |     4 |    20 |    22 |    49 |   115 |    85 |   103 |   131 |   109 ||   638
       Pizza             |       |       |       |       |       |     4 |       |     3 |       ||     7
       Royal jelly       |       |       |       |       |       |       |       |     6 |     1 ||     7
       Beef jerky        |       |       |       |       |       |       |       |     4 |     2 ||     6
       Meat ration       |       |       |       |       |       |       |       |       |     5 ||     5
       Fruit             |       |       |       |       |       |       |       |       |     2 ||     2
